 Dungeon Crawl Stone Soup version 0.28-a0-119-ga52ba8600a (webtiles) character file.

Game seed: 17868899507142617193

218 Krishahl the Sneak (level 5, -1/41 HPs)
             Began as a Barachi Brigand on Aug 13, 2021.
             Was an Initiate of Ashenzari.
             Slain by a gnoll (6 damage)
             ... on level 3 of the Dungeon.
             The game lasted 00:21:56 (2365 turns).

Krishahl the Sneak (Barachi Brigand)                Turns: 2365, Time: 00:21:56

Health: -1/41      AC:  4    Str: 13    XL:     5   Next: 95%
Magic:  5/5        EV: 11    Int: 11    God:    Ashenzari [......]
Gold:   86         SH:  0    Dex: 14    Spells: 4/4 levels left

rFire   . . .      SeeInvis .   a - +2 dagger
rCold   . . .      Faith    .   (no shield)
rNeg    . . .      Spirit   .   o - +2 leather armour
rPois   +          Reflect  .   (no helmet)
rElec   .          Harm     .   c - +0 cloak
rCorr   .          Rampage  .   (no gloves)
Will    .....                   (no boots)
Stlth   +++.......              (no amulet)
HPRegen 0.13/turn               (no ring)
MPRegen 0.09/turn               (no ring)

@: unable to read, slow
A: amphibious, slowness 1, strong legs 1, +LOS, deformed body, poison
resistance, inability to read while threatened
a: Hop, Renounce Religion, Curse Item


You were on level 3 of the Dungeon.
You worshipped Ashenzari.
Ashenzari was noncommittal.
You visited 1 branch of the dungeon, and saw 3 of its levels.

You collected 86 gold pieces.

Inventory:

Hand Weapons
 a - a +2 dagger (weapon)
 b - a +0 hunting sling
 h - a +0 hand axe
 m - a +0 dagger
 n - a +0 scythe
Missiles
 d - 22 poisoned darts (quivered)
 e - 2 curare-tipped darts
 f - 88 stones
 i - 16 sling bullets
 k - 37 bolts
Armour
 c - a +0 cloak (worn)
 g - a +0 robe
 j - a +0 robe
 o - a +2 leather armour (worn)
Jewellery
 p - a +6 ring of intelligence
Scrolls
 l - 2 scrolls of teleportation


   Skills:
 + Level 3.4 Fighting
 + Level 3.4 Short Blades
 + Level 0.1(1.4) Slings
 + Level 2.5 Throwing
 + Level 0.1 Armour
 + Level 1.6 Dodging
 + Level 5.4 Stealth


You had 4 spell levels left.
You didn't know any spells.
Your spell library contained the following spells:

 Spells                   Type           Power      Damage    Failure   Level
 Sting                    Tmut/Pois      0%         1d3       41%         1


Dungeon Overview and Level Annotations

Branches:
Dungeon (3/15)

Altars:
Ashenzari


Innate Abilities, Weirdness & Mutations

You are amphibious.
You cover ground slowly.
You can hop short distances.
You have an extended range of vision and can be seen from far away.
Armour fits poorly on your strangely shaped body.
Your system is resistant to poisons. (rPois)
You sometimes lose the ability to read scrolls when taking damage.


Message History

Really attack while wielding your +0 hunting sling? [Y]es or [N]o only, please.
Really attack while wielding your +0 hunting sling?
Okay, then.
a - a +2 dagger (weapon)
You hit the gnoll.
The gnoll is moderately wounded.
The gnoll barely misses you.
You hit the gnoll.
The gnoll is moderately wounded.
The gnoll hits you with a +0 whip.
You hit the gnoll.
The gnoll is heavily wounded.
The gnoll hits you but does no damage.
You barely miss the gnoll.
The gnoll is heavily wounded.
The gnoll barely misses you.
You hit the gnoll.
The gnoll is almost dead.
You hit the gnoll.
You kill the gnoll!
You completely miss the gnoll.
The gnoll is moderately wounded.
The gnoll hits you with a +0 flail. The gnoll closely misses you.
You hit the gnoll.
The gnoll is heavily wounded.
The gnoll barely misses you. The gnoll hits you but does no damage.
You closely miss the gnoll.
The gnoll is heavily wounded.
The gnoll hits you with a +0 flail!
* * * LOW HITPOINT WARNING * * *
The gnoll closely misses you.
You hit the gnoll.
The gnoll is severely wounded.
You cannot read scrolls in your current state!
You hit the gnoll.
The gnoll is severely wounded.
The gnoll closely misses you.
The gnoll hits you from afar with a +0 spear.
You die...

#..........#
######.####.#.#
............#.#
..####.....<#.#
..##......###.#
.<##†.....###.###.# #####
#.........#.......# ......
#.........#.#.#####..(..$.
#.........#.#.†.@ggg..(...
#.........#.#######.......
#.....###.#.#.....# ......
#.....###.#.#.###.# .....
#.........#...# #.# ...[
#.....###########.# .$.
#.....# ####.....# ##
#.#.### #.....####
#.#.######.....#


You could see 3 gnolls.

Vanquished Creatures
  Sigmund (D:2)
  3 adders (D:2)
  A gnoll (D:3)
  2 dart slugs (D:1)
  A bat (D:2)
  4 endoplasms
  3 hobgoblins
  3 quokkas
  2 ball pythons (D:1)
  5 frilled lizards
  A goblin (D:3)
  4 kobolds
  5 rats
35 creatures vanquished.

Vanquished Creatures (others)
  A fungus (D:2)
  3 plants (D:2)
4 creatures vanquished.

Grand Total: 39 creatures vanquished

Notes
Turn   | Place    | Note
-------+----------+-------------------------------------------
     0 | D:1      | Krishahl the Barachi Brigand began the quest for the Orb.
     0 | D:1      | Reached XP level 1. HP: 17/17 MP: 1/1
   371 | D:1      | Reached XP level 2. HP: 23/23 MP: 2/2
   550 | D:1      | Reached skill level 4 in Stealth
  1028 | D:2      | Noticed Sigmund
  1258 | D:2      | Killed Sigmund
  1259 | D:2      | Reached skill level 5 in Stealth
  1259 | D:2      | Reached XP level 3. HP: 7/29 MP: 3/3
  1259 | D:2      | Reached XP level 4. HP: 9/35 MP: 4/4
  1259 | D:2      | Reached XP level 5. HP: 10/41 MP: 5/5
  1582 | D:2      | Gained mutation: Armour fits poorly on your strangely
                  | shaped body. [potion of mutation]
  1582 | D:2      | Gained mutation: You sometimes lose the ability to read
                  | scrolls when taking damage. [potion of mutation]
  1582 | D:2      | Gained mutation: Your system is resistant to poisons.
                  | (rPois) [potion of mutation]
  2077 | D:2      | Found a faded altar of an unknown god.
  2087 | D:2      | Got Plato's Tome of Contamination
  2088 | D:2      | Became a worshipper of Ashenzari the Shackled
  2365 | D:3      | Slain by a gnoll

Illustrated notes

Levels and vault maps discovered:
D:1:      minmay_arrival_four_houses, layout_loops_ring, minmay_statues_item
D:2:      layout_rooms, shapermc_ecumenical_altar_rom_forum, uniq_sigmund
D:3:      layout_basic, mainiacjoe_overflow_boulevard

Skill      XL: |  1  2 |
---------------+-------+-----
Stealth        | 5 |  5.4
Fighting       | 3 |  3.4
Short Blades   | 3 |  3.4
Slings         | |  0.1
Throwing       | |  2.5
Armour         | |  0.1
Dodging        | |  1.6

Action                   |  1- 3 |  4- 6 || total
-------------------------+-------+-------++-------
Melee: Dagger            |    55 |    70 ||   125
 Fire: Hunting sling     |       |    12 ||    12
Throw: Dart              |     4 |     2 ||     6
 Abil: Hop               |     1 |       ||     1
  Use: Scroll            |       |     3 ||     3
       Potion            |       |     1 ||     1
 Stab: Sleeping          |     5 |       ||     5
Armor: Robe              |    11 |       ||    11
       Leather armour    |       |    10 ||    10
Dodge: Dodged            |    19 |    28 ||    47

Table legend: (Time is in decaauts)
 A = Elapsed time spent in this place.
 B = Non-inter-level travel time spent in this place.
 C = Inter-level travel time spent in this place.
 D = Time resting spent in this place.
 E = Time spent auto-exploring this place.
 F = Levels seen in this place.
 G = Mean time per level.
                   A        B        C        D        E       F      G
               +--------+--------+--------+--------+--------+-----+--------+
         Total |   2567 |   2420 |    147 |    620 |   1322 |   3 |  855.7 |
       Dungeon |   2567 |   2420 |    147 |    620 |   1322 |   3 |  855.7 |
               +--------+--------+--------+--------+--------+-----+--------+

Top non-repeatable levels by time:
     D:1: 1224 daAuts
     D:2: 1114 daAuts
     D:3: 228 daAuts
